 Dungeon Crawl Stone Soup version 0.27.1-1-g398f81649c (webtiles) character file.

Game seed: 17603767497311112562

79 ZARRMARR the Conjurer (level 4, -3/29 HPs)
             Began as an Octopode Conjurer on Sept 12, 2021.
             Slain by a white imp (4 damage)
             ... summoned by Natasha
             ... on level 2 of the Dungeon.
             The game lasted 00:03:55 (1469 turns).

ZARRMARR the Conjurer (Octopode Conjurer)           Turns: 1469, Time: 00:03:55

Health: -3/29      AC:  0    Str:  6    XL:     4   Next: 37%
Magic:  7/7        EV: 14    Int: 21    God:
Gold:   58         SH:  0    Dex: 10    Spells: 6/7 levels left

rFire    . . .     SeeInvis .   (weapon currently unavailable)
rCold    . . .     Faith    .   (shield currently unavailable)
rNeg     . . .     Spirit   .   (helmet currently unavailable)
rPois    .         Reflect  .   f - amulet of magic regeneration
rElec    .         Harm     .   (ring currently unavailable)
rCorr    .         Rampage  .   (ring currently unavailable)
Will     .....                  (ring currently unavailable)
Stlth    ++........             (ring currently unavailable)
HPRegen  0.09/turn              (ring currently unavailable)
MPRegen  0.35/turn              (ring currently unavailable)
                                (ring currently unavailable)
                                (ring currently unavailable)

@: pig-form (expiring), slowed
A: fast, no casting, almost no armour, (amphibious), (8 rings), small,
(camouflage 1), (gelatinous body 1), (nimble swimmer 1), (tentacles)
a: no special abilities


You were on level 2 of the Dungeon.
You were a filthy swine.
You visited 1 branch of the dungeon, and saw 2 of its levels.

You collected 58 gold pieces.

Inventory:

Hand Weapons
 a - a +2 hand axe of holy wrath
 b - a +2 dagger of venom (melded)
Missiles
 d - a throwing net
Jewellery
 f - an amulet of magic regeneration (around neck)
Scrolls
 c - a scroll of fog {unknown}
 g - a scroll of holy word {unknown}
 h - a scroll of teleportation {unknown}
 i - a scroll of fear {unknown}
 k - a scroll of identify {unknown}
Potions
 e - a potion of invisibility {unknown}
 j - a potion of berserk rage {unknown}


   Skills:
 + Level 1.8 Fighting
 * Level 2.0 Short Blades
 + Level 2.8 Dodging
 + Level 3.5 Stealth
 - Level 2.0 Spellcasting
 - Level 4.0 Conjurations


You had 6 spell levels left.
You knew the following spells:

 Your Spells              Type           Power      Damage    Failure   Level
a - Magic Dart            Conj           72%        1d6       2%          1

Your spell library contained the following spells:

 Spells                   Type           Power      Damage    Failure   Level
 Searing Ray              Conj           36%        3d4       4%          2
 Dazzling Flash           Conj/Hex       20%        N/A       19%         3
 Ozocubu's Armour         Ice            2%         N/A       41%         3
 Fulminant Prism          Conj/Hex       5%         3d7       54%         4
 Iskenderun's Mystic Bla  Conj/Tloc      10%        2d4       54%         4
 Metabolic Englaciation   Hex/Ice        1%         N/A       99%         5
 Simulacrum               Ice/Necr       1%         N/A       100%        6


Dungeon Overview and Level Annotations

Branches:
Dungeon (2/15)

Altars:
Vehumet

Annotations:
D:2 Natasha


Innate Abilities, Weirdness & Mutations

You are a filthy swine.
You move quickly.
Your equipment is almost entirely melded.
You are incapable of wielding weapons or throwing items.
You cannot cast spells.
You cannot wear most types of armour.
((You are amphibious.))
((You can wear up to eight rings at the same time.))
((Your skin changes colour to match your surroundings (Stealth+).))
((Your rubbery body absorbs attacks. (AC +1, EV +1)))
((You are camouflaged near water. (Stealth+)))
((You have tentacles for arms and can constrict up to eight enemies at once.))


Message History

Natasha zaps a wand.
You turn into a filthy swine.
Your +2 dagger of venom melds into your body.
Your +2 dagger of venom stops dripping with poison.
You can't do that in your present form.
You barely miss Natasha.
Natasha zaps a wand.
You hit Natasha but do no damage. Natasha misses you.
You barely miss Natasha.
Natasha stares at you and mumbles some strange words.
You feel yourself slow down.
You hit Natasha but do no damage.
Natasha stares at you and mumbles some strange words.
You feel as though you will be slow longer.
Natasha closely misses you.
You closely miss Natasha. Natasha barely misses you.
You barely miss Natasha.
Natasha zaps a wand.
You miss Natasha.
Your transformation is almost over.
Natasha mumbles some strange words.
Natasha closely misses you.
You barely miss Natasha. Natasha casts a spell at you.
You feel as though you will be slow longer.
The white imp hits you. The white imp freezes you.
You closely miss Natasha.
Natasha mumbles some strange words.
The white imp barely misses you.
You hit Natasha but do no damage.
Natasha stares at you and mumbles some strange words.
The magic dart hits you! The white imp puffs mist at you.
The white imp barely misses you. Natasha barely misses you.
The white imp gestures at you. The puff of frost hits you!
* * * LOW HITPOINT WARNING * * *
You hit Natasha but do no damage.
The crimson imp blinks!
Natasha mumbles some strange words.
The white imp hits you.
* * * LOW HITPOINT WARNING * * *
The white imp freezes you.
You die...

#...# #.#
#†#......
#...# #.#
#.#.###..
#...# #.#
#)# # #...#
#.######.#
..†.#
#.#.....5#
....#
##'######.#
....#
#....# #§#
....##
#....# #h#
.....#
#....####h#
.>...#
#.......55#
.....#
#....######
.†...#
#.........#
.....#
#.........#
.....#
###.......#
.....#
#.......#
.....#
#.......#
.....#
#.......#


You could see Natasha, a crimson imp (summoned), a white imp (summoned) and a
shadow imp (summoned).

Vanquished Creatures
  Natasha (D:2)
  An adder (D:2)
  A worm (D:2)
  A dart slug (D:1)
  2 endoplasms
  2 giant cockroaches
  A goblin (D:2)
  8 hobgoblins
  4 ball pythons
  6 bats
  3 frilled lizards
  6 kobolds
  4 rats
40 creatures vanquished.

Notes
Turn   | Place    | Note
-------+----------+-------------------------------------------
     0 | D:1      | ZARRMARR the Octopode Conjurer began the quest for the Orb.
     0 | D:1      | Reached XP level 1. HP: 11/11 MP: 3/3
   347 | D:1      | Reached skill level 1 in Fighting
   347 | D:1      | Reached XP level 2. HP: 18/18 MP: 0/5
   655 | D:1      | Reached skill level 1 in Short Blades
   660 | D:1      | Reached XP level 3. HP: 23/23 MP: 6/6
  1011 | D:2      | Noticed Natasha
  1019 | D:2      | Killed Natasha
  1020 | D:2      | Reached XP level 4. HP: 15/28 MP: 7/7
  1344 | D:2      | Found a radiant altar of Vehumet.
  1457 | D:2      | Noticed Natasha
  1469 | D:2      | HP: 1/29 [white imp[Natasha] (4)]
  1469 | D:2      | Slain by a white imp

Illustrated notes

Levels and vault maps discovered:
D:1:      eino_arrival_cavern_c, layout_basic
D:2:      layout_basic, hellmonk_ecumenical_altar_slurped_away, basic_altar,
          uniq_natasha

Skill      XL: |  1  2  3  4 |
---------------+-------------+-----
Fighting       | 1 |  1.8
Stealth        | 3 |  3.5
Short Blades   | 1 2 |  2.0
Dodging        | |  2.8
Spellcasting   | |  2.0
Conjurations   | |  4.0

Action                   |  1- 3 |  4- 6 || total
-------------------------+-------+-------++-------
Melee: Hand axe          |     1 |       ||     1
       Dagger            |    18 |     4 ||    22
       Constrict         |     3 |     2 ||     5
       Tentacles         |     1 |       ||     1
       Unarmed           |     4 |    14 ||    18
 Cast: Magic Dart        |    28 |    23 ||    51
 Stab: Sleeping          |    10 |       ||    10
       Confused          |     1 |       ||     1
Dodge: Dodged            |     9 |    10 ||    19
